 Dungeon Crawl Stone Soup version 0.30.0-5-g1a98f26d00 (webtiles) character file.

Game seed: 16107774338507316796

83 Monkooky the Vexing (level 4, -1/52 HPs)
             Began as a Formicid Enchanter on May 10, 2023.
             Splashed by a jelly's acid (10 damage)
             ... on level 2 of the Dungeon.
             The game lasted 00:03:25 (1630 turns).

Monkooky the Vexing (Formicid Enchanter)            Turns: 1630, Time: 00:03:25

Health: -1/52      AC: 10    Str: 20    XL:     4   Next: 71%
Magic:  16/16      EV:  2    Int: 15    God:
Gold:   129        SH:  0    Dex: 14    Spells: 5/7 levels left

rFire   . . .        j - +4 hand axe of Okawaru's Generosity {distort, rElec MP+9}
rCold   . . .        (no shield)
rNeg    . . .        b - melded +0 robe
rPois   +            (helmet unavailable)
rElec   +            (cloak currently unavailable)
rCorr   .            (gloves currently unavailable)
SInv    .            (boots currently unavailable)
Will    .....        (no amulet)
Stlth   ++           l - +6 ring of strength
HPRegen 0.28/turn    (no ring)
MPRegen 0.15/turn

%: no passive effects
@: tree-form, corroded
A: stationary, stasis, torment immunity, boosted hp, permanent stasis, dig
shafts and tunnels, (antennae 3), four strong arms
a: no special abilities


You were on level 2 of the Dungeon.
You were a tree.
You visited 1 branch of the dungeon, and saw 2 of its levels.

You collected 129 gold pieces.

Inventory:

Hand Weapons
 a - a +1 dagger
 d - a +1 dagger of protection
 g - a +0 dagger of venom
 j - the +4 hand axe of Okawaru's Generosity (weapon) {distort, rElec MP+9}
   (You found it on level 2 of the Dungeon)

   rElec:     It insulates you from electricity.
   MP:        It affects your magic capacity (+9).
Missiles
 i - 5 poisoned darts
Armour
 b - a +0 robe (melded)
Jewellery
 k - a ring of wizardry
 l - a +6 ring of strength (left branch)
Potions
 c - 2 potions of invisibility
 f - a potion of lignification
 h - a potion of curing {unknown}
 m - a potion of might {unknown}


   Skills:
 - Level 3.1 Fighting
 - Level 1.0 Short Blades
 + Level 2.4 Axes
 - Level 1.7 Dodging
 - Level 3.6 Stealth
 - Level 2.1 Spellcasting
 - Level 3.6 Hexes


You had 5 spell levels left.
You knew the following spells:

 Your Spells              Type           Power      Damage    Failure   Level
a - Passwall              Tmut/Erth      0%         N/A       32%         2

Your spell library contained the following spells:

 Spells                   Type           Power      Damage    Failure   Level
 Confusing Touch          Hex            12%        N/A       14%         3
 Tukima's Dance           Hex            12%        N/A       14%         3
 Ensorcelled Hibernation  Hex/Ice        14%        N/A       16%         2
 Dazzling Flash           Conj/Hex       14%        N/A       30%         3
 Swiftness                Air            Unusable   N/A       N/A         3

Dungeon Overview and Level Annotations

Branches:
Dungeon (2/15)

Altars:


Innate Abilities, Weirdness & Mutations

You are a tree.
Your roots penetrate the ground, keeping you stationary.
You cannot be teleported.
You are immune to unholy pain and torment.
Your maximum health is greatly increased.
Your equipment is partially melded.
You cannot be hasted, slowed, berserked, paralysed or teleported.
You can dig through walls and to a lower floor.
((You have a pair of large antennae on your head. (SInv)))
Your four strong arms can wield two-handed weapons with a shield.


Message History

The endoplasm hits you.
Unknown command.
You aren't carrying any items that you can evoke.
Okay, then.
As you read the scroll labelled XANIAZ AWEABIU, it crumbles to dust.
You feel a strange sense of stasis.
It was a scroll of teleportation.
The endoplasm freezes you.
You are frozen.
You hit the endoplasm.
You kill the endoplasm!
Unknown command.
You hit the endoplasm.
The endoplasm is almost dead.
The endoplasm closely misses you.
Unknown command.
You hit the endoplasm but do no damage.
Space warps horribly around the endoplasm!
You kill the endoplasm!
Unknown command.
You hit the jelly but do no damage.
Space warps around the jelly.
Your hands burn!
The jelly is moderately wounded.
The jelly misses you.
Unknown command.
You hit the jelly.
Your hands burn!
* * * LOW HITPOINT WARNING * * *
The jelly is moderately wounded.
The jelly barely misses you.
Unknown command.
Okay, then.
Okay, then.
Press: ? - help, v - describe, . - travel
Here: a jelly (moderately wounded)
An open door.
It was a potion of lignification.
You turn into a tree.
Your +0 robe melds into your body.
Your roots penetrate the ground.
The jelly hits you.
* * * LOW HITPOINT WARNING * * *
The acid corrodes you!
You are splashed with acid!
You die...

#.### #.....# ##.#
#####.# #..# #.# ##.##
#.# #..# #.# #.##
########># #.#
##########......##.#
#.####......##JJJP..P##.#
#..##.......#♣#{....÷##.#
#..'.)......#.#÷P....##.#
#..'.)).....#.#.JJ.÷÷##.#
##.))).)..#'#)#J..÷..##.#
#.##.....#.#.#....J.##.#
#####....#.#.#P÷.PPP##.#
#######.##.....!##.# ###
#.###### #.......


You could see a jelly and 2 endoplasms.

Vanquished Creatures
  A jelly (D:2)
  A dart slug (D:1)
  A bat (D:2)
  6 endoplasms
  4 giant cockroaches (D:1)
  4 goblins (D:1)
  4 hobgoblins
  13 kobolds
  2 quokkas
  3 ball pythons
  A frilled lizard (D:1)
  4 rats
44 creatures vanquished.

Notes
Turn   | Place    | Note
-------+----------+-------------------------------------------
     0 | D:1      | Monkooky the Formicid Enchanter began the quest for the
                  | Orb.
     0 | D:1      | Reached XP level 1. HP: 13/13 MP: 3/3
    52 | D:1      | Reached skill level 1 in Fighting
    84 | D:1      | Reached XP level 2. HP: 21/21 MP: 5/5
   460 | D:1      | Reached XP level 3. HP: 28/28 MP: 6/6
   986 | D:2      | Identified the +4 hand axe of Okawaru's Generosity
                  | {distort, rElec MP+9}
  1307 | D:2      | Learned a level 2 spell: Passwall
  1524 | D:2      | Reached skill level 1 in Axes
  1618 | D:2      | Reached XP level 4. HP: 31/35 MP: 7/7
  1630 | D:2      | Splashed by a jelly's acid

Illustrated notes

Levels and vault maps discovered:
D:1:      shiori_arrival_oz, layout_loops_ring, minmay_parallelograms,
          nicolae_figureground_sparkle
D:2:      cheibrodos_fertilizer, layout_basic

Skill      XL: |  1  2  3  4 |
---------------+-------------+-----
Fighting       | 1 2 3 |  3.1
Axes           | 1 2 |  2.4
Short Blades   | |  1.0
Dodging        | |  1.7
Stealth        | |  3.6
Spellcasting   | |  2.1
Hexes          | |  3.6

Action                     |  1- 3 |  4- 6 || total
---------------------------+-------+-------++-------
  Melee: Dagger            |   113 |       ||   113
         Punch             |     2 |     1 ||     3
         Hand axe          |    25 |    10 ||    35
    Use: Scroll            |       |     1 ||     1
         Potion            |       |     1 ||     1
   Stab: Sleeping          |     7 |       ||     7
 Armour: Robe              |    37 |       ||    37
  Dodge: Dodged            |    87 |     5 ||    92
